 Dungeon Crawl Stone Soup version 0.23.2-1-ga50397a6bc (webtiles) character file.

Game seed: 18042436955880107496

0 Gargoyl the Skirmisher (level 1, -13/19 HPs)
             Began as a Centaur Abyssal Knight on May 6, 2019.
             Was a Follower of Lugonu.
             Mangled by a small abomination (15 damage)
             ... on level 1 of the Abyss.
             The game lasted 00:00:46 (147 turns).

Gargoyl the Skirmisher (Centaur Abyssal Knight)      Turns: 147, Time: 00:00:46

Health: -13/19     AC:  4    Str: 14      XL:     1   Next: 0%
Magic:  2/2        EV:  9    Int:  9 (11) God:    Lugonu [*.....]
Gold:   0          SH:  0    Dex:  6      Spells: 0/0 levels left

rFire    . . .     SeeInvis .   a - +1 hand axe
rCold    . . .     Gourm    .   (no shield)
rNeg     . . .     Faith    .   b - +0 leather armour
rPois    .         Spirit   .   (no helmet)
rElec    +         Reflect  .   (no cloak)
rCorr    .         Harm     .   (no gloves)
MR       .....                  (no barding)
Stlth    ..........             (no amulet)
HPRegen  0.06/turn              (no ring)
MPRegen  0.08/turn              (no ring)

@: very quick
A: large, hooves 3, clumsy 1, deformed body, speed 2, screaming 1, electricity
resistance, tough skin 3
a: Depart the Abyss, Renounce Religion


You were on level 1 of the Abyss.
You worshipped Lugonu.
Lugonu was aware of your devotion.
You were not hungry.

You visited 0 branches of the dungeon, and saw 0 of its levels.
You visited the Abyss 1 time.

Inventory:

Hand Weapons
 a - a +1 hand axe (weapon)
Armour
 b - a +0 leather armour (worn)
Comestibles
 c - a ration


   Skills:
 + Level 3.0 Fighting
 + Level 1.7 Axes
 + Level 1.3 Armour
 + Level 0.6 Dodging
 + Level 2.0 Invocations


You couldn't memorise any spells.
You didn't know any spells.
Your spell library was empty.

Dungeon Overview and Level Annotations

Branches:
Dungeon (0/15)

Altars:


Innate Abilities, Weirdness & Mutations

You have hooves in place of feet.
Armour fits poorly on your strangely shaped body.
You cover ground very quickly.
You have extremely tough skin. (AC +3)
You are clumsy. (Dex -2)
You occasionally shout uncontrollably at your foes.
You are resistant to electric shocks. (rElec)


Message History

* * * LOW HITPOINT WARNING * * *
The raiju blinks! x2
Unknown command.
A tentacled starspawn comes into view.
The tentacled starspawn moves out of view.
The raiju bursts into living lightning!
The living lightning misses you.
The raiju blinks!
Tentacles burst from the starspawn's body! 2 starspawn tentacles come into view.
A raiju comes into view.
The raiju barks!
Found 16 sling bullets.
Found 9 gold pieces.
A wretched star comes into view.
Found 7 gold pieces.
A small abomination comes into view.
You feel your health improve. The small abomination hits you!
Ouch! That really hurt!
You die...

... . ###.#..#
.......# ...... .
..#... .. ##.##.#
$# # #..##.##.#..
#.##.@##...#.#
...#.x#..#...#..
##..##....#...$.
....#.#(.##...#..
##........#.......
#.##..#.....#####
..#. ....h.##.....
.[....###..#.. #*
..#.#.. ...#


You could see a raiju and a small abomination.

Vanquished Creatures (others)
  2 starspawn tentacles (Abyss:1)
2 creatures vanquished.

Notes
Turn   | Place    | Note
-------+----------+-------------------------------------------
     0 | Abyss:1  | Gargoyl the Centaur Abyssal Knight began the quest for the
                  | Orb.
     0 | Abyss:1  | Reached XP level 1. HP: 19/19 MP: 2/2
    34 | Abyss:1  | Noticed a large abomination
    35 | Abyss:1  | Gained mutation: You are clumsy. (Dex -2) [potion of
                  | mutation]
    35 | Abyss:1  | Gained mutation: You are resistant to electric shocks.
                  | (rElec) [potion of mutation]
    40 | Abyss:1  | Noticed a freezing wraith
    66 | Abyss:1  | Noticed a large abomination
    66 | Abyss:1  | Noticed a neqoxec
    67 | Abyss:1  | Noticed an orange demon
    68 | Abyss:1  | Noticed a chaos spawn
    69 | Abyss:1  | Found a deep blue altar of Sif Muna.
    75 | Abyss:1  | Gained mutation: You occasionally shout uncontrollably at
                  | your foes. [a neqoxec]
    80 | Abyss:1  | Noticed an ancient zyme
    84 | Abyss:1  | Noticed a dire elephant zombie
    87 | Abyss:1  | Noticed a hellephant
    90 | Abyss:1  | Noticed a small abomination
   104 | Abyss:1  | Noticed a raiju
   107 | Abyss:1  | Noticed a tentacled starspawn
   127 | Abyss:1  | Noticed a raiju
   139 | Abyss:1  | Noticed a wretched star
   142 | Abyss:1  | Noticed a small abomination
   147 | Abyss:1  | Mangled by a small abomination

Action                   || total
-------------------------++-------
  Use: Potion            ||     1
Armor: Leather armour    ||     1
Dodge: Dodged            ||     1
